Map: Ascension to Aiur LE

Players

Azgarok

  • Race: Terran Terran
  • League: Bronze
  • Spawn Location: 5:00

pollux - Winner!

  • Race: Terran Terran
  • League: Silver
  • Spawn Location: 11:00

VOD

Have the link to the VOD?

Description

Time

  • Played on: Aug. 24, 2017, 2:10 p.m.
  • Length: 17:43
Show
View Real Time Build Order
Export as new Build Order

Azgarok Terran 

Build Orders: Liberator Opening 

Get SALT Encoding   

  12  0:01  SCV  
  13  0:13  SCV  
  14  0:18  Supply Depot  
  14  0:27  Refinery  
  14  0:29  SCV  
  15  0:47  Barracks  
  15  0:59  SCV  
  16  1:11  SCV  
  17  1:23  SCV  
  18  1:44  Barracks Reactor, Command Center  
  18  1:48  Orbital Command  
  18  2:04  Factory  
  18  2:14  Supply Depot  
  18  2:19  Marine x2  
  20  2:27  Refinery  
  20  2:51  Starport  
  20  2:58  Factory Tech Lab  
  20  3:11  Marine  
  21  3:25  Marine  
  22  3:29  Siege Tank  
  25  3:48  Liberator  
  22  3:58  Marine x2  
  26  4:16  Marine x2  
  28  4:28  Siege Tank  
  31  4:47  Supply Depot  
  31  4:52  Supply Depot  
  31  5:09  Marine x2  
  33  5:26  Marine x2  
  35  5:38  Medivac  
  37  5:44  Marine x2  
  39  6:08  Medivac  
  41  6:15  Barracks  
  41  6:18  Barracks  
  41  6:19  Barracks, SCV  
  42  6:30  Supply Depot  
  42  6:31  SCV  
  43  6:32  Supply Depot  
  43  6:33  Supply Depot  
  43  6:40  Starport Reactor  
  40  6:52  Marine x2  
  39  7:10  Marine x2  
  41  7:23  Barracks Reactor x2  
  41  7:25  Barracks Reactor  
  41  7:27  Marine  
  41  7:28  Marine  
  43  7:33  Medivac  
  43  7:35  Medivac  
  47  7:45  Marine x2  
  49  8:03  Viking  
  48  8:10  Siege Tank  
  51  8:16  Command Center  
  51  8:38  Viking  
  53  8:42  Marine x3, Siege Tank  
  53  8:45  Marine x3  
  62  8:56  SCV  
  62  8:59  Marine  
  64  9:08  SCV  
  65  9:14  Marine x4  
  69  9:21  SCV  
  70  9:28  Orbital Command  
  70  9:33  SCV  
  70  9:36  Refinery  
  71  9:42  Refinery  
  71  9:45  SCV  
  72  9:53  Supply Depot  
  72  10:14  SCV  
  73  10:23  Marine x6  
  79  10:28  Supply Depot  
  79  10:58  Viking, Medivac  
  79  11:01  Siege Tank  
  79  11:02  Marine x2  
  88  11:13  SCV  
  89  11:25  SCV  
  90  11:28  Viking  
  90  11:31  Supply Depot  
  92  11:33  Supply Depot, Siege Tank  
  92  11:37  SCV  
  96  11:49  SCV  
  97  11:59  Medivac  
  100  12:01  SCV  
  100  12:02  Marine  
  100  12:03  Marine x4  
  100  12:04  Marine x3  
  100  12:07  Siege Tank  
  111  12:12  Medivac  
  113  12:34  Supply Depot  
  113  12:35  Supply Depot  
  113  12:39  Siege Tank  
  116  12:57  Supply Depot  
  116  12:58  Supply Depot  
  116  13:06  Marine x4  
  116  13:07  Marine x3  
  116  13:08  Marine  
  124  13:20  Supply Depot  
  124  13:24  SCV  
  125  13:29  SCV  
  126  13:36  SCV  
  128  13:41  SCV  
  128  13:49  Siege Tank  
  131  13:56  Viking, Medivac  
  131  14:01  Marine x2  
  131  14:02  Marine  
  138  14:21  Siege Tank  
  141  14:26  Viking, Medivac  
  145  14:53  Siege Tank  
Show
View Real Time Build Order
Export as new Build Order

pollux Terran - Winner!

Build Orders:  

Get SALT Encoding   

  12  0:02  SCV  
  13  0:14  SCV  
  14  0:26  SCV, Supply Depot  
  15  0:37  Refinery  
  15  0:48  SCV  
  16  0:52  Barracks  
  16  1:00  SCV  
  17  1:11  Barracks  
  17  1:12  SCV  
  18  1:24  SCV  
  19  1:36  SCV  
  19  1:39  Marine  
  21  1:48  SCV  
  22  1:54  Supply Depot  
  22  1:57  Marine  
  23  2:15  Marine x2  
  23  2:16  SCV  
  23  2:19  Supply Depot  
  26  2:28  Orbital Command  
  26  2:33  Marine x2  
  26  2:35  Factory  
  28  2:49  Supply Depot  
  27  2:51  Marine x2  
  29  3:09  Marine x2  
  31  3:19  Factory Tech Lab  
  31  3:23  Command Center  
  31  3:24  Refinery  
  31  3:27  Marine  
  31  3:30  Barracks Reactor  
  32  3:37  SCV  
  32  3:38  Starport  
  33  3:44  Marine  
  34  3:49  SCV  
  35  4:01  SCV  
  36  4:13  Siege Tank  
  37  4:42  SCV  
  37  4:45  Siege Tank  
  41  4:53  Barracks Tech Lab  
  41  4:55  SCV, Starport Reactor  
  43  5:07  SCV  
  43  5:15  Refinery  
  43  5:18  Refinery  
  43  5:19  SCV x2  
  45  5:31  SCV x2  
  45  5:35  Supply Depot  
  47  5:37  Supply Depot  
  47  5:43  SCV  
  47  5:44  SCV  
  49  5:55  SCV  
  49  5:56  SCV  
  51  5:58  Engineering Bay  
  51  6:00  Supply Depot  
  51  6:03  Supply Depot  
  48  6:07  SCV  
  48  6:08  SCV  
  48  6:10  Viking x2  
  52  6:19  SCV  
  51  6:40  Viking x2  
  47  7:01  SCV  
  47  7:10  Viking  
  47  7:13  SCV, Siege Tank  
  53  7:21  Missile Turret  
  53  7:25  SCV  
  54  7:30  Barracks  
  54  7:36  Stimpack  
  54  7:37  SCV  
  55  7:45  Missile Turret, Siege Tank  
  55  7:48  Missile Turret  
  55  7:49  SCV  
  59  8:00  Terran Infantry Weapons Level 1  
  59  8:01  SCV  
  57  8:08  Viking  
  57  8:09  Viking  
  61  8:13  Marine x3  
  61  8:14  SCV  
  61  8:17  Barracks Reactor, Siege Tank  
  68  8:26  SCV  
  69  8:27  Missile Turret  
  69  8:31  Marine x3  
  72  8:41  Medivac x2  
  76  8:48  Planetary Fortress  
  76  8:49  Marine x3  
  76  8:54  Missile Turret  
  76  8:55  Marine x2  
  81  9:07  Marine x3  
  84  9:11  Medivac  
  84  9:13  Marine x2  
  88  9:24  Command Center  
  88  9:25  Supply Depot  
  88  9:33  Siege Tank  
  91  9:50  Supply Depot  
  91  9:55  Terran Infantry Armor Level 1  
  91  10:01  Barracks  
  91  10:05  Siege Tank  
  91  10:06  Starport  
  94  10:11  Missile Turret  
  94  10:17  Combat Shields  
  95  10:22  Marauder  
  95  10:26  Supply Depot  
  96  10:36  Supply Depot  
  96  10:37  Siege Tank  
  99  10:43  Marauder  
  99  10:49  SCV  
  102  10:59  Starport  
  102  11:01  SCV  
  103  11:05  Marauder  
  105  11:13  SCV  
  106  11:19  Supply Depot  
  106  11:25  SCV  
  107  11:26  Marauder  
  107  11:29  Supply Depot  
  109  11:34  Armory  
  109  11:37  Armory  
  109  11:47  Starport Tech Lab  
  109  11:50  Missile Turret  
  109  12:01  Starport Tech Lab  
  109  12:06  Factory  
  109  12:09  Cloaking Field  
  109  12:24  Refinery  
  109  12:28  Banshee  
  112  12:32  Banshee  
  115  12:47  Supply Depot, Terran Ship Weapons Level 1  
  115  12:52  Barracks Tech Lab  
  115  12:56  Factory Tech Lab  
  115  13:04  Missile Turret  
  115  13:11  Banshee  
  118  13:15  Banshee  
  118  13:18  Missile Turret  
  121  13:23  Terran Vehicle Weapons Level 1  
  121  13:30  Refinery  
  121  13:43  Terran Infantry Weapons Level 2  
  121  13:48  Supply Depot  
  121  13:54  Banshee  
  124  13:58  Banshee  
  127  14:07  Orbital Command  
  127  14:20  Supply Depot  
  127  14:33  Supply Depot  
  127  14:37  Marauder x2  
  131  14:41  Banshee  
  131  14:44  Missile Turret  
  134  14:47  Supply Depot  
  134  14:50  Supply Depot  
  134  14:58  Marauder x2  
  138  15:05  Barracks  
  138  15:13  Barracks  
  138  15:15  Thor  
  138  15:20  Marauder x2  
  148  15:24  Banshee  
  151  15:41  Marauder  
  153  15:50  Liberator  
  153  15:56  Factory  
  153  15:57  Thor  
  153  15:59  Hi-Sec Auto Tracking  
  153  16:00  Medivac  
  153  16:01  Medivac  
  153  16:03  Barracks  
  151  16:32  Liberator  
  137  16:40  Thor  
  146  17:22  Marine x3  
Tags
 
Add a new tag
Caveats
  • Supply blocks, unpowered buildings, or Contaminate may cause inaccurate times.
  • Supply counts are checked every 10 seconds.